 Dungeon Crawl Stone Soup version 0.27.0-1-g7a089689b8 (webtiles) character file.

Game seed: 3331182156451312729

12444 sasquatch the Brawler (level 11, -14/172 HPs)
             Began as a Troll Berserker on Aug 7, 2021.
             Was a High Priest of Trog.
             Shot with a bolt by an orc warrior (16 damage)
             ... on level 2 of the Orcish Mines.
             The game lasted 00:11:40 (6915 turns).

sasquatch the Brawler (Troll Berserker)             Turns: 6915, Time: 00:11:41

Health: -14/172    AC: 10    Str: 30    XL:     11   Next: 62%
Magic:  10/10      EV: 10    Int:  9    God:    Trog [*****.]
Gold:   544        SH:  0    Dex:  9    Spells: 10/10 levels left

rFire    + . .     SeeInvis .     - Unarmed
rCold    + . .     Faith    .   (no shield)
rNeg     . . .     Spirit   .   A - +1 robe {rC+ rF+}
rPois    .         Reflect  .   m - +2 hat
rElec    .         Harm     .   x - +2 cloak "Nidiefos" {rCorr}
rCorr    +         Rampage  .   (gloves unavailable)
Will     .....                  (boots unavailable)
Stlth    ..........             (no amulet)
HPRegen  1.38/turn              i - +6 ring of intelligence
MPRegen  0.12/turn              s - ring of resist corrosion

@: berserking, very quick
A: large, unfitting armour, claws 3, regeneration 1, shaggy fur 1, tough skin 1
a: Renounce Religion, Berserk, Trog's Hand, Brothers in Arms


You were on level 2 of the Orcish Mines.
You worshipped Trog.
Trog was extremely pleased with you.
You visited 2 branches of the dungeon, and saw 12 of its levels.
You also visited: Sewer.

You collected 544 gold pieces.

Inventory:

Missiles
 f - 53 poisoned darts (quivered)
 p - 2 javelins
 q - a throwing net
Armour
 m - a +2 hat (worn)
 x - the +2 cloak "Nidiefos" (worn) {rCorr}
   (You found it on level 8 of the Dungeon)

   rCorr:     It protects you from acid and corrosion.
 A - a +1 robe of resistance (worn)
Jewellery
 i - a +6 ring of intelligence (left claw)
 s - a ring of resist corrosion (right claw)
 y - an amulet of the acrobat
Wands
 a - a wand of iceblast (12)
 w - a wand of polymorph (5)
 z - a wand of paralysis (23)
Scrolls
 c - 3 scrolls of fear {unknown}
 d - 6 scrolls of identify {unknown}
 e - a scroll of holy word {unknown}
 h - 3 scrolls of blinking {unknown}
 j - a scroll of summoning {unknown}
 k - a scroll of brand weapon {unknown}
 n - 5 scrolls of amnesia {unknown}
 o - 3 scrolls of teleportation {unknown}
 v - a scroll of vulnerability {unknown}
 B - a scroll of enchant weapon {unknown}
Potions
 b - 4 potions of mutation
 g - 4 potions of curing {unknown}
 l - 6 potions of flight
 r - 2 potions of heal wounds {unknown}
 t - a potion of cancellation {unknown}
 u - a potion of attraction {unknown}


   Skills:
 + Level 9.3 Fighting
 - Level 2.4 Dodging
 - Level 15.0 Unarmed Combat


You had 10 spell levels left.
You didn't know any spells.
Your spell library was empty.

Dungeon Overview and Level Annotations

Branches:
Dungeon (10/15)              Lair (0/6) D:10            Orc (2/2) D:10
  Sewer (visited)
 Temple: D:4-7          Elf: Orc:2

Altars:
Dithmenos
Elyvilon
Makhleb
Nemelex Xobeh
Okawaru
Xom
Beogh

Annotations:
D:9 exclusion: ice statue
D:10 3 runed translucent doors, ystael's ghost, novice TrHu


Innate Abilities, Weirdness & Mutations

You are too large for most types of armour.
You have claws for hands.
Your natural rate of healing is unusually fast.
You are covered in fur. (AC +1)
You have tough skin. (AC +1)


Message History

Unknown command.
You eviscerate the centaur!!!
You kill the centaur!
Trog accepts your kill.
You closely miss the centaur. You claw the centaur!!
You kill the centaur!
Trog accepts your kill.
The orc unwields a +0 hand axe.
The orc wields a +0 arbalest.
The orc shoots a bolt.
The bolt misses you.
The centaur unwields a +0 shortbow.
The centaur hits you.
* * * LOW HITPOINT WARNING * * *
The centaur kicks you but does no damage.
The orc warrior shoots a bolt.
The bolt misses you. The orc warrior closely misses you.
An orc warrior comes into view. It is wielding a +0 broad axe.
You hear a shout!
The orc warrior shouts!
You eviscerate the centaur!!!
You kill the centaur!
Trog accepts your kill.
You barely miss the centaur.
The orc warrior hits you with a +0 great mace!
* * * LOW HITPOINT WARNING * * *
The centaur hits you but does no damage.
The centaur kicks you but does no damage.
You eviscerate the centaur!!!
You kill the centaur!
Trog accepts your kill.
The orc warrior unwields a +0 great mace.
The orc warrior wields a +0 arbalest.
The orc warrior shoots a bolt.
The bolt hits you!
* * * LOW HITPOINT WARNING * * *
The centaur wields a +0 shortbow.
The centaur shoots an arrow.
The arrow barely misses you.
An orc comes into view. It is wielding a +0 mace.
The orc shouts!
You hear a shout!
The orc warrior unwields a +0 great mace.
The orc warrior wields a +0 arbalest.
The orc warrior shoots a bolt.
The bolt hits you!
You die...

....................
.........................
.........................
.........................
..................##..##.
#................##......
#................#o......
##.#..............oo.....
#....)..........@#)o....≈
#......).........#c....≈≈
##.#..).............o.o..
# ##.##..............ooo
###..........#.....≈≈
##.........#......≈
###...............
##.#.....#..... #
#........#


You could see 2 orc warriors and an orc.

Vanquished Creatures
  Erolcha (D:9)
  A tengu warrior (D:9)
  An orc high priest (Orc:2)
  An orc knight (D:10)
  Psyche (D:8)
  An unseen horror (D:10)
  4 trolls
  Prince Ribbit (D:5)
  A meliai zombie (D:10)
  Sigmund (D:4)
  22 yaks
  12 orc warriors
  2 sky beasts (D:6)
  A necrophage (D:6)
  A black bear (D:10)
  An ogre (Orc:2)
  9 centaurs
  3 kobold brigands
  3 bullfrogs
  A gnoll sergeant (D:10)
  A wyvern zombie (D:8)
  7 scorpions
  A water moccasin skeleton (D:5)
  4 electric eels (D:10)
  A howler monkey (D:9)
  2 centaur zombies
  A jelly (D:8)
  A gnoll shaman (D:6)
  10 orc priests
  2 hounds (D:5)
  13 orc wizards
  2 hound skeletons (D:5)
  12 gnolls
  12 adders
  A shadow imp (D:6)
  A white imp (D:6)
  2 ufetubi
  4 worms
  2 dart slugs
  43 orcs
  7 endoplasms
  7 giant cockroaches
  A goblin (D:1)
  7 hobgoblins
  10 jackals
  5 quokkas
  6 ball pythons
  15 bats
  4 frilled lizards
  10 kobolds
  3 rats
265 creatures vanquished.

Vanquished Creatures (others)
  11 fungi
11 creatures vanquished.

Grand Total: 276 creatures vanquished

Notes
Turn   | Place    | Note
-------+----------+-------------------------------------------
     0 | D:1      | sasquatch the Troll Berserker began the quest for the Orb.
     0 | D:1      | Reached XP level 1. HP: 22/22 MP: 0/0
    46 | D:1      | Reached XP level 2. HP: 28/29 MP: 1/1
   226 | D:1      | Reached skill level 4 in Unarmed Combat
   438 | D:2      | Reached XP level 3. HP: 36/36 MP: 2/2
   476 | D:2      | Reached ** piety under Trog
   833 | D:4      | Found a shimmering altar of Xom.
   918 | D:4      | Found an iron altar of Okawaru.
   965 | D:4      | Reached skill level 5 in Unarmed Combat
   965 | D:4      | Reached XP level 4. HP: 38/44 MP: 3/3
  1060 | D:4      | Found a glowing drain.
  1101 | Sewer    | Entered a sewer
  1550 | Sewer    | Reached *** piety under Trog
  1719 | D:4      | Noticed Sigmund
  1728 | D:4      | Killed Sigmund
  1729 | D:4      | Reached skill level 6 in Unarmed Combat
  1729 | D:4      | Reached XP level 5. HP: 50/50 MP: 4/4
  1729 | D:4      | Reached XP level 6. HP: 59/59 MP: 5/5
  1882 | D:5      | Entered Level 5 of the Dungeon
  1883 | D:5      | Found a white marble altar of Elyvilon.
  1886 | D:5      | Noticed Prince Ribbit
  1897 | D:5      | Reached skill level 7 in Unarmed Combat
  1909 | D:5      | Killed Prince Ribbit
  1910 | D:5      | Reached skill level 8 in Unarmed Combat
  1910 | D:5      | Reached XP level 7. HP: 66/66 MP: 6/6
  2222 | D:5      | Reached skill level 9 in Unarmed Combat
  2256 | D:5      | Reached XP level 8. HP: 69/74 MP: 7/7
  2261 | D:5      | Found the +7 Singing Sword {vorpal, sonic wave}
  2855 | D:6      | Reached skill level 10 in Unarmed Combat
  2968 | D:6      | Found a sparkling altar of Nemelex Xobeh.
  3045 | D:6      | Identified the +2 leather armour "Eczymn" {Dex+2}
  3126 | D:6      | Reached **** piety under Trog
  3195 | D:6      | Reached skill level 11 in Unarmed Combat
  3842 | D:8      | Reached XP level 9. HP: 66/80 MP: 8/8
  3929 | D:8      | Reached skill level 12 in Unarmed Combat
  4150 | D:8      | Identified the +2 cloak "Nidiefos" {rCorr}
  4277 | D:8      | Found a burning altar of Makhleb.
  4277 | D:8      | Noticed a blizzard demon
  4322 | D:8      | Noticed Psyche
  4327 | D:8      | Killed Psyche
  4395 | D:8      | Found a shadowy altar of Dithmenos.
  4697 | D:9      | Noticed a troll
  4706 | D:9      | Killed a troll
  4707 | D:9      | Reached skill level 13 in Unarmed Combat
  4808 | D:9      | Noticed Erolcha
  4819 | D:9      | Killed Erolcha
  4903 | D:9      | Noticed a tengu warrior
  4922 | D:9      | Killed a tengu warrior
  4923 | D:9      | Reached skill level 14 in Unarmed Combat
  4923 | D:9      | Reached XP level 10. HP: 73/88 MP: 9/9
  4940 | D:9      | Reached ***** piety under Trog
  4995 | D:9      | Reached skill level 15 in Unarmed Combat
  5047 | D:9      | Noticed an ice statue
  5432 | D:10     | Entered Level 10 of the Dungeon
  5490 | D:10     | Reached skill level 5 in Fighting
  5591 | D:10     | Noticed an orc knight
  5607 | D:10     | Killed an orc knight
  5673 | D:10     | Found a runed translucent gate.
  5674 | D:10     | Found a runed translucent gate.
  5674 | D:10     | Found a runed translucent gate.
  5675 | D:10     | Noticed ystael's ghost (novice TrHu)
  5844 | D:10     | Reached XP level 11. HP: 104/106 MP: 10/10
  6308 | D:10     | Identified the +8 triple sword of the Endless Expanse
                  | {vorpal, +Rage Str-5 Int-2 Dex+6} (Trog gifted it to you on
                  | level 10 of the Dungeon)
  6308 | D:10     | Received a gift from Trog
  6455 | D:10     | Found a staircase to the Lair.
  6546 | D:10     | Found a staircase to the Orcish Mines.
  6555 | Orc:1    | Entered Level 1 of the Orcish Mines
  6620 | Orc:2    | Entered Level 2 of the Orcish Mines
  6721 | Orc:2    | Noticed an orc high priest
  6736 | Orc:2    | Killed an orc high priest
  6914 | Orc:2    | HP: 1/172 [orc warrior/bolt (14)]
  6915 | Orc:2    | Shot with a bolt by an orc warrior

Illustrated notes

Levels and vault maps discovered:
D:1:      lemuel_arrival_cross, layout_rooms
D:2:      layout_loops_ring, kennysheep_big_empty_room, uniq_crazy_yiuf_cottage
D:3:      layout_rooms, ebering_ecumenical_altar_hall, minmay_misc_feat_roman,
          uniq_natasha
D:4:      layout_cave_pools, xom_butterflies, overflow_temple_1_default,
          serial_park, serial_park_square1 [serial_park_minivault_5x5_7],
          serial_park_square2, serial_park_tiny_2, gup_sewer_entry_glass,
          kennysheep_minor_cross, uniq_sigmund
D:5:      old_forge, layout_basic, elyvilon_altar_5, uniq_prince_ribbit1
D:6:      cheibrodos_thug_alley, layout_loops_cross, mainiacjoe_overflow_catwalk
D:7:      cheibrodos_steamvent, layout_layer_cave, temple_hall_moat,
          grunt_decor_clamped, lightli_corner_chamber
D:8:      layout_layer_cave, makhleb_altar_promises_db,
          nicolae_dithmenos_through_a_glass_darkly, uniq_psyche
D:9:      lemuel_ice_statue, layout_stronghold, chequers_serial_rivers_micro_e,
          uniq_erolcha
D:10:     layout_cave_pools, grunt_lair_entry_orc_guard_hut, erik_orc_2,
          serial_rivers, chequers_serial_rivers_room_b,
          chequers_serial_rivers_micro_d, chequers_serial_rivers_room_b,
          chequers_serial_rivers_room_b, biasface_ghost_orc_armoury,
          fountainhead, lemuel_old_faithful
Orc:1:    layout_diamond_mine, serial_shops, nicolae_shop_trees, basic_altar,
          uniq_maurice
Orc:2:    st_orc_rangers, layout_diamond_mine

Skill      XL: |  1  2  3  4  5  6  7  8  9 10 11 |
---------------+----------------------------------+-----
Unarmed Combat | 4 5 6 8 9 11 14 15 | 15.0
Fighting       | 6 9 |  9.3
Dodging        | |  2.4

Action                   |  1- 3 |  4- 6 |  7- 9 | 10-12 || total
-------------------------+-------+-------+-------+-------++-------
Melee: Unarmed           |   120 |    82 |   214 |   284 ||   700
       Punch             |       |     1 |    11 |    19 ||    31
Invok: Berserk           |       |     2 |     8 |     3 ||    13
  Use: Potion            |       |     1 |       |       ||     1
 Stab: Held in net/web   |       |       |     4 |       ||     4
Armor: Animal skin       |    48 |    39 |    57 |       ||   144
       Robe              |       |       |    26 |   102 ||   128
Dodge: Dodged            |    68 |    52 |    97 |   115 ||   332
